 Dungeon Crawl Stone Soup version 0.21-a0-632-g1e37ce5 (webtiles) character file.

74 polythemia the Cudgeler (level 4, 0/26 HPs)
             Began as a Gargoyle Gladiator on Dec 27, 2017.
             Slain by an ogre
             ... wielding a +0 giant club
              (8 damage)
             ... on level 2 of the Dungeon.
             The game lasted 00:03:34 (3095 turns).

polythemia the Cudgeler (Gargoyle Gladiator)        Turns: 3095, Time: 00:03:35

Health: 0/26       AC: 10    Str: 15 (18) XL:     4   Next: 30%
Magic:  4/4        EV: 10    Int:  7 (8)  God:
Gold:   73         SH:  0    Dex: 11 (12) Spells: 3/3 levels left

rFire    . . .     SeeInvis .   a - +0 flail
rCold    . . .     Gourm    .   (no shield)
rNeg     + . .     Faith    .   h - +0 scale mail
rPois    ∞         Spirit   .   c - +0 helmet
rElec    +         Reflect  .   (no cloak)
rCorr    .         Harm     .   (no gloves)
MR       .....                  (no boots)
Stlth    ..........             (no amulet)
HPRegen  0.08/turn              (no ring)
MPRegen  0.09/turn              (no ring)

@: no status effects
A: negative energy resistance 1, electricity resistance, unbreathing,
petrification resistance, rot immunity, AC +3
a: no special abilities


You were on level 2 of the Dungeon.
You were not hungry.

You visited 1 branch of the dungeon, and saw 2 of its levels.

You collected 73 gold pieces.

Inventory:

Hand Weapons
 a - a +0 flail (weapon)
Missiles
 d - a throwing net (quivered)
Armour
 b - a +0 leather armour
 c - a +0 helmet (worn)
 h - a +0 scale mail (worn)
Scrolls
 e - a scroll of fear {unknown}
 g - a scroll of enchant weapon {unknown}
Potions
 i - a potion of might {unknown}
 j - a potion of degeneration
Comestibles
 f - 3 rations
 k - 6 chunks of flesh


   Skills:
 - Level 2.1 Fighting
 + Level 5.0 Maces & Flails
 - Level 1.7 Throwing
 - Level 2.4 Dodging


You had 3 spell levels left.
You didn't know any spells.

Dungeon Overview and Level Annotations

Branches:
Dungeon (2/15)

Altars:
Cheibriados


Innate Abilities, Weirdness & Mutations

You are resistant to torment.
Your stone body is resilient. (AC +3)
You are immune to poison.
You resist negative energy. (rN+)
You are resistant to electric shocks. (rElec)
You can survive without breathing.
You are immune to petrification.
You are immune to rotting.


Message History

The throwing net barely misses the ogre.
Aim: an ogre, wielding a giant club You throw a throwing net.
The throwing net hits the ogre.
The ogre is caught in the net!
The ogre struggles against the net.
Spoiler Alert: The ogre (caught) can hit for high damage in melee!
You barely miss the ogre.
The ogre struggles against the net.
A hobgoblin comes into view.
Spoiler Alert: The ogre (caught) can hit for high damage in melee!
You hit the ogre.
The ogre struggles against the net.
Spoiler Alert: The ogre (caught) can hit for high damage in melee!
You hit the ogre.
The ogre struggles against the net.
The net rips apart, and the ogre comes free!
Spoiler Alert: The ogre can hit for high damage in melee!
You barely miss the ogre. The ogre closely misses you.
You hit the ogre but do no damage. The ogre hits you with a giant club.
You take 6 damage, and have 20/26 hp.
MASSIVE DAMAGE!!
You barely miss the ogre. The ogre hits you with a giant club!
You take 12 damage, and have 8/26 hp.
MASSIVE DAMAGE!!
You barely miss the ogre. The ogre hits you with a giant club!
You die...

## #. . .#.#
#.#####.#.###
#....g(.(...#
#O###.#
#@##.. #
#.##.# .#
#.##.##.#
#.......#
####..###
##.# #.#
########.#
#........#


You could see an ogre and a hobgoblin.

Vanquished Creatures
  Natasha (D:2)
  An adder (D:2)
  3 leopard geckos (D:1)
  2 orcs (D:2)
  A giant cockroach (D:1)
  2 goblins (D:1)
  8 hobgoblins
  2 kobolds (D:1)
  9 bats
  2 frilled lizards
  4 rats
35 creatures vanquished.

Notes
Turn   | Place    | Note
-------+----------+-------------------------------------------
     0 | D:1      | polythemia the Gargoyle Gladiator began the quest for the Orb.
     0 | D:1      | Reached XP level 1. HP: 12/12 MP: 1/1
   393 | D:1      | Reached XP level 2. HP: 6/17 MP: 2/2
  1354 | D:1      | Reached skill level 4 in Maces & Flails
  1900 | D:1      | Reached XP level 3. HP: 21/21 MP: 3/3
  2723 | D:2      | Noticed Natasha
  2734 | D:2      | HP: 1/21 [Natasha (5)]
  2745 | D:2      | Killed Natasha
  2745 | D:2      | Reached XP level 4. HP: 20/26 MP: 4/4
  2937 | D:2      | Reached skill level 5 in Maces & Flails
  3017 | D:2      | Found a snail-covered altar of Cheibriados.
  3085 | D:2      | Noticed an ogre
  3095 | D:2      | Slain by an ogre

Vault maps used:
D:1:      minmay_arrival_plants_in_alcoves
D:2:      tgw_trog, gammafunk_temple_overflow_forgotten, lemuel_round_altar,
          uniq_crazy_yiuf_cottage, uniq_natasha

Skill      XL: |  1  2  3  4 |
---------------+-------------+-----
Maces & Flails | 4 5 |  5.0
Fighting       | |  2.1
Throwing       | |  1.7
Dodging        | |  2.4

Action                   |  1- 3 |  4- 6 || total
-------------------------+-------+-------++-------
Melee: Flail             |    95 |    50 ||   145
Throw: Throwing net      |     1 |     2 ||     3
  Use: Potion            |     3 |       ||     3
  Eat: Chunk             |     6 |     1 ||     7
Armor: Leather armour    |    50 |     3 ||    53
       Scale mail        |       |    24 ||    24
Dodge: Dodged            |    90 |    34 ||   124

Table legend:
 A = Spawn XP
 B = Non-spawn XP
 C = Spawn XP percentage of total XP
 D = Spawn monster count
 E = Non-spawn monster count
 F = Spawn count percentage of total count
 G = Total turns spent on level
                    A         B        C        D         E        F      G
               +---------+---------+-------+---------+---------+-------+---------
         Total |       0 |     107 |   0.0 |       0 |      35 |   0.0 |  3095
               +---------+---------+-------+---------+---------+-------+---------
           D:1 |       0 |      37 |   0.0 |       0 |      21 |   0.0 |  2405
           D:2 |       0 |      70 |   0.0 |       0 |      14 |   0.0 |   690
               +---------+---------+-------+---------+---------+-------+---------
